Map: Pillars of Gold LE

Players

Eternity

  • Race: Terran Terran
  • Spawn Location: 1:00

StarAtt - Winner!

  • Race: Protoss Protoss
  • League: Grandmaster
  • Spawn Location: 7:00

VOD

Have the link to the VOD?

Description

Time

  • Played on: June 20, 2020, 7:15 a.m.
  • Length: 5:46
Show
View Real Time Build Order
Export as new Build Order

Eternity Terran 

Build Orders: Reaper Expand 

Get SALT Encoding   

  12  0:00  SCV  
  13  0:13  SCV  
  14  0:17  Supply Depot  
  14  0:25  SCV  
  15  0:39  SCV  
  15  0:40  Barracks  
  16  0:46  Refinery  
  16  0:51  SCV  
  17  1:03  SCV  
  18  1:15  SCV  
  19  1:28  Orbital Command  
  19  1:29  Reaper  
  20  1:48  Command Center  
  21  1:58  Supply Depot  
  20  2:01  Marine  
  21  2:09  Bunker  
  21  2:10  SCV  
  22  2:20  Marine  
  23  2:26  Factory  
  23  2:29  SCV  
  24  2:35  Refinery  
  24  2:39  Marine  
  24  2:41  SCV  
  26  2:53  SCV  
  26  2:57  Marine  
  28  3:05  SCV, Orbital Command  
  29  3:12  Factory Tech Lab  
  29  3:16  Marine  
  29  3:17  SCV  
  31  3:22  Starport  
  31  3:31  Supply Depot  
  32  3:47  Marine, Siege Tank  
  35  3:50  SCV  
  36  4:00  Viking  
  36  4:02  SCV  
  39  4:03  SCV  
  39  4:06  Marine  
  41  4:13  Barracks  
  41  4:16  SCV  
  42  4:18  SCV  
  42  4:22  Siege Tank  
  46  4:28  SCV  
  43  4:32  Marine  
  42  4:42  SCV  
  42  4:43  Orbital Command  
  42  4:50  Marine  
  43  4:53  Starport Tech Lab  
  43  4:54  SCV  
  43  4:59  Orbital Command  
  44  5:01  Barracks Tech Lab  
  44  5:03  Supply Depot  
  44  5:06  SCV  
  45  5:13  Marine  
  46  5:18  SCV  
  43  5:30  SCV x2  
Show
View Real Time Build Order
Export as new Build Order

StarAtt Protoss - Winner!

Build Orders: Dark Templar Rush 

Get SALT Encoding   

  12  0:00  Probe  
  13  0:12  Probe  
  14  0:17  Pylon  
  14  0:24  Probe  
  15  0:34  Probe  
  15  0:37  Gateway  
  15  0:42  Probe  
  16  0:47  Assimilator  
  17  0:52  Probe  
  17  0:56  Assimilator  
  18  1:04  Probe  
  19  1:16  Probe  
  20  1:24  Cybernetics Core  
  20  1:25  Zealot  
  22  1:29  Probe  
  23  1:42  Pylon  
  23  1:51  Stalker  
  23  2:00  Robotics Facility  
  25  2:01  Warp Gate  
  25  2:04  Probe  
  26  2:14  Gateway  
  26  2:23  Stalker  
  28  2:34  Pylon  
  28  2:41  Immortal  
  33  3:06  Twilight Council  
  33  3:11  Warp Prism  
  34  3:41  Pylon  
  34  3:47  Dark Shrine  
  34  3:58  Stalker  
  34  4:00  Adept  
  38  4:19  Nexus  
  38  4:20  Observer  
  39  4:29  Probe  
  38  4:33  Adept  
  38  4:38  Probe  
  37  4:46  Probe  
  38  4:55  Probe  
  38  4:59  Dark Templar  
  41  5:00  Dark Templar  
  43  5:08  Probe  
  43  5:20  Probe  
  44  5:32  Probe  
  44  5:33  Probe  
  44  5:35  Stalker x2  
Tags
 
Add a new tag
Caveats
  • Supply blocks, unpowered buildings, or Contaminate may cause inaccurate times.
  • Supply counts are checked every 10 seconds.